 Dungeon Crawl Stone Soup version 0.30-b1-5-g8e6c1be481 (webtiles) character file.

Game seed: 15939130299006211478

98282 dialectric the Severer (level 16, -1/108 HPs)
             Began as a Gargoyle Fighter on May 5, 2023.
             Was a Believer of Lugonu.
             Shot with an arrow by a naga sharpshooter (23 damage)
             ... on level 1 of the Snake Pit.
             The game lasted 00:41:20 (18434 turns).

dialectric the Severer (Gargoyle Fighter)          Turns: 18434, Time: 00:41:21

Health: -1/108     AC: 35    Str: 31      XL:     16   Next: 21%
Magic:  0/19       EV: 15    Int: 10 (11) God:    Lugonu [**....]
Gold:   1738       SH:  0    Dex: 11      Spells: 18/20 levels left

rFire   . . .        z - +8 executioner's axe "Kaack" {flame, Stlth+}
rCold   x . .        (shield currently unavailable)
rNeg    + . .        q - +3 chain mail "Oroczut" {Str+3}
rPois   ∞            G - +1 helmet
rElec   +            x - +1 cloak of Starlight {*Dazzle EV+4 Stlth--}
rCorr   .            S - +1 pair of gloves
SInv    +            (no boots)
Will    ++...        H - amulet of guardian spirit Stlth
                     r - ring "Petzauf" {Wiz rC- Will+ Str+4}
HPRegen 0.38/turn    a - ring of see invisible
MPRegen 0.16/turn

%: guardian spirit, wizardry (x1)
@: marked, flying, invisible
A: sickness immunity, AC +12, big wings, negative energy resistance 1,
electricity resistance, torment resistance 1, petrification resistance, subdued
magic 1
a: Renounce Religion, Depart the Abyss, Banish


You were on level 1 of the Snake Pit.
You worshipped Lugonu.
Lugonu was pleased with you.
You visited 6 branches of the dungeon, and saw 24 of its levels.
You visited the Abyss 1 time.
You also visited: Bailey and Gauntlet.

You collected 1865 gold pieces.
You spent 127 gold pieces at shops.

Inventory:

Hand Weapons
 p - the +4 war axe "Solup" {vamp, rF+ rC+ rN+}
   (You found it on level 3 of the Dungeon)

   rF:        It protects you from fire.
   rC:        It protects you from cold.
   rN:        It protects you from negative energy.
 z - the +8 executioner's axe "Kaack" (weapon) {flame, Stlth+}
   (You acquired it on level 13 of the Dungeon)

   Stlth:     It makes you more stealthy.
 T - the +10 flail "Beetleslayer" {drain, Will- Str+9}
   (You found it on level 2 of the Lair of Beasts)

   Str:       It affects your strength (+9).
   Will:      It decreases your willpower.
 V - the +10 hand axe "Sacsovva" {distort, rElec Int+2 Dex+3}
   (You took it off a minotaur in a Gauntlet)

   Int:       It affects your intelligence (+2).
   Dex:       It affects your dexterity (+3).
   rElec:     It insulates you from electricity.
Missiles
 w - 7 throwing nets
 E - 12 curare-tipped darts (quivered)
Armour
 d - a +1 hat of intelligence
 i - a scarf of resistance
 q - the +3 chain mail "Oroczut" (worn) {Str+3}
   (You found it on level 3 of the Dungeon)

   Str:       It affects your strength (+3).
 x - the +1 cloak of Starlight (worn) {*Dazzle EV+4 Stlth--}
   (You acquired it on level 1 of the Lair of Beasts)

   *Dazzle:   It may blind those who miss an attack against the wearer in melee
   combat.
   EV:        It affects your evasion (+4).
   Stlth:     It makes you much less stealthy.
 G - a +1 helmet (worn)
 P - a +0 kite shield of reflection
 S - a +1 pair of gloves (worn)
Jewellery
 a - a ring of see invisible (right hand)
 r - the ring "Petzauf" (left hand) {Wiz rC- Will+ Str+4}
   (You found it in a Gauntlet)

   [ring of wizardry]

   It improves your spell success rate.
   Str:       It affects your strength (+4).
   rC:        It makes you vulnerable to cold.
   Will:      It increases your willpower.
 y - a ring of resist corrosion
 H - an amulet of guardian spirit (around neck)
Wands
 t - a wand of flame (17)
 v - a wand of charming (12)
 C - a wand of iceblast (15)
 D - a wand of mindburst (1)
 U - a wand of digging (10)
 X - a wand of quicksilver (1)
Scrolls
 b - 3 scrolls of enchant armour
 e - 14 scrolls of identify
 h - a scroll of silence
 k - 7 scrolls of teleportation
 u - a scroll of immolation
 A - 4 scrolls of magic mapping
 F - 2 scrolls of enchant weapon
 M - a scroll of blinking
 N - a scroll of amnesia
 O - 3 scrolls of fog
 Z - 2 scrolls of poison
Potions
 f - 4 potions of haste {unknown}
 g - 2 potions of ambrosia
 j - 2 potions of might
 m - 7 potions of curing
 n - 5 potions of resistance {unknown}
 o - 4 potions of flight {unknown}
 B - 4 potions of cancellation {unknown}
 I - 2 potions of brilliance {unknown}
 J - 3 potions of degeneration {unknown}
 K - a potion of lignification {unknown}
 L - 4 potions of heal wounds
 Q - 4 potions of mutation
 R - 2 potions of attraction
 W - 4 potions of magic {unknown}
Miscellaneous
 s - a box of beasts
 Y - a phial of floods (inert)


   Skills:
 + Level 15.2 Fighting
 - Level 2.0 Long Blades
 + Level 17.0(17.1) Axes
 - Level 3.3(12.5) Maces & Flails
 - Level 2.2 Throwing
 - Level 13.0 Armour
 - Level 4.1 Dodging
 + Level 3.2 Shields
 + Level 2.6 Spellcasting
 - Level 2.3 Invocations
 - Level 3.0 Evocations


You had 18 spell levels left.
You knew the following spells:

 Your Spells              Type           Power      Damage    Failure   Level
a - Blink                 Tloc           2%         N/A       38%         2

Your spell library contained the following spells:

 Spells                   Type           Power      Damage    Failure   Level
 Apportation              Tloc           2%         N/A       28%         1
 Magic Dart               Conj           4%         1d3       28%         1
 Necrotise                Necr           4%         1d4       28%         1
 Summon Small Mammal      Summ           4%         N/A       28%         1
 Ensorcelled Hibernation  Hex/Ice        2%         N/A       38%         2
 Lesser Beckoning         Tloc           2%         N/A       38%         2
 Momentum Strike          Conj/Tloc      2%         3d8       38%         2
 Scorch                   Fire           2%         2d5       38%         2
 Searing Ray              Conj           2%         2d4       38%         2
 Wereblood                Tmut           1%         N/A       38%         2
 Call Canine Familiar     Summ           1%         N/A       63%         3
 Gell's Gravitas          Tloc           1%         N/A       63%         3
 Ozocubu's Armour         Ice            1%         N/A       63%         3
 Portal Projectile        Hex/Tloc       2%         N/A       63%         3
 Spider Form              Tmut/Pois      1%         N/A       63%         3
 Stone Arrow              Conj/Erth      2%         3d7       63%         3
 Teleport Other           Tloc           1%         N/A       63%         3
 Anguish                  Hex/Necr       0%         N/A       95%         4
 Flame Wave               Conj/Fire      1%         2d4       95%         4
 Fulminant Prism          Conj/Hex       0%         3d5       95%         4
 Leda's Liquefaction      Hex/Erth       0%         N/A       95%         4
 Petrify                  Tmut/Erth      1%         N/A       95%         4
 Sticky Flame             Conj/Fire      1%         2d3       95%         4
 Summon Lightning Spire   Summ/Air       1%         N/A       95%         4
 Lee's Rapid Deconstruct  Erth           0%         3d4*      100%        5
 Summon Cactus Giant      Summ           0%         N/A       100%        6
 Ozocubu's Refrigeration  Ice            0%         4d7       100%        7
 Storm Form               Tmut/Air       0%         N/A       100%        7
 Summon Hydra             Summ           0%         N/A       100%        7
 Maxwell's Capacitive Co  Air            0%         ∞         100%        8
 Sublimation of Blood     Necr           Unusable   N/A       N/A         2
 Statue Form              Tmut/Erth      Unusable   N/A       N/A         6

Dungeon Overview and Level Annotations

Branches:
Dungeon (14/15)            Temple (0/1) D:7            Lair (5/5) D:10
  Swamp (1/4) Lair:2        Snake (1/4) Lair:2          Orc (2/2) D:11
    Elf (1/3) Orc:2        Vaults (0/5) D:13         Bailey (visited)
Gauntlet (visited)
  Slime: Lair:4-5

Altars:
Hepliaklqana
Nemelex Xobeh
Ru
Sif Muna
Trog
Xom
The Shining One

Shops:
Orc:1 *   Orc:2 **?:

Annotations:
D:13 Rupert
D:14 Jorgrun
Lair:1 1 runed translucent door
Snake:1 Agnes


Innate Abilities, Weirdness & Mutations

You are immune to sickness and miasma.
Your stone body is resilient. (AC +12)
You are immune to poison.
Your large and strong wings let you fly.
You resist negative energy. (rN+)
You are resistant to electric shocks. (rElec)
You are resistant to unholy torment.
You are immune to petrification.
Your spells are a little easier to cast, but a little less powerful.


Message History

The anaconda constricts you. Agnes hits you but does no damage.
The anaconda bites you. The anaconda constricts you.
Agnes hits you but does no damage.
You fade into invisibility!
The anaconda barely misses you. The anaconda constricts you.
Agnes closely misses you.
The anaconda bites you but does no damage.
Unknown command.
Unknown command.
You barely miss the anaconda.
You catch the helpless Agnes completely off-guard!
You slash Agnes! You burn Agnes. You closely miss the anaconda.
The anaconda closely misses you.
The anaconda's sight is seared by the starlight!
The anaconda constricts you. Agnes hits you but does no damage.
The anaconda bites you.
A naga comes into view.
It is wielding a +0 short sword of holy wrath.
The anaconda bites you. The anaconda constricts you.
* * * LOW HITPOINT WARNING * * *
Agnes hits you but does no damage.
You writhe in agony.
* * * LOW HITPOINT WARNING * * *
A black mamba comes into view.
The anaconda bites you!
* * * LOW HITPOINT WARNING * * *
Unknown command.
Unknown command.
Unknown command.
You barely miss Agnes.
Agnes is severely wounded.
You slice the anaconda!! You burn the anaconda. You slash the anaconda!
You burn the anaconda.
You kill the anaconda!
Lugonu accepts your kill. Agnes completely misses you.
The anaconda closely misses you.
The naga sharpshooter unwields a +3 short sword.
The naga sharpshooter wields a +2 heavy longbow.
The naga sharpshooter mumbles some strange words.
The naga sharpshooter magically shoots an arrow.
The arrow hits you!!
You die...

. #..# ..#...
......#
.......##
....S.NN##
....S.S.N##
#......#NS##
N.....###iS##
S..... ##@.##
.!... ##..##
##### ##..##
##..###
##...##
##...##
####...##
#.###...##
#........##


You could see Agnes (blind), a naga sharpshooter, an anaconda (unable to see
you), a naga ritualist, 2 black mambas and 2 nagas.

Vanquished Creatures
  Gastronok (D:11)
  Donald (Orc:2)
  A minotaur (Gauntlet)
  A fire dragon (Lair:5)
  Josephine (D:11)
  Harold (D:9)
  2 vault guards (Bailey)
  A hydra (D:13)
  4 centaur warriors
  An anaconda (Snake:1)
  A death knight (D:13)
  A catoblepas (Lair:3)
  2 dancing weapons (Elf:1)
  4 tengu warriors
  2 death scarabs (Gauntlet)
  3 death yaks (D:10)
  4 two-headed ogres
  2 boulder beetles
  Urug (D:13)
  4 orc high priests
  Sonja (Orc:2)
  2 spectral catoblepas (Gauntlet)
  3 skysharks
  A swamp dragon (Lair:5)
  A wizard (D:11)
  2 ugly things
  A deep elf pyromancer (D:14)
  3 orc sorcerers (Orc:1)
  A mana viper (Snake:1)
  3 cyclopes
  3 manticores
  10 black mambas
  3 elephants (Lair:3)
  6 cane toads
  An apocalypse crab (Gauntlet)
  An unseen horror (D:12)
  8 rime drakes
  A kobold demonologist (D:12)
  2 tengu conjurers (Gauntlet)
  3 komodo dragons
  A troll (D:10)
  A troll (shapeshifter) (D:13)
  Prince Ribbit (Bailey)
  4 polar bears
  9 blink frogs (Lair:5)
  Grinder (D:6)
  A spectral dream sheep (Gauntlet)
  An air elemental (Elf:1)
  11 slime creatures
  3 wyverns
  4 wraiths (D:11)
  35 yaks
  Sigmund (D:2)
  2 shadows
  19 humans
  2 basilisks
  A fire elemental (Elf:1)
  3 steam dragons
  A chaos spawn (Abyss:4)
  4 vampire mosquitoes (D:13)
  Menkaure (D:6)
  A spectral cane toad (Gauntlet)
  3 acid dragons
  2 nagas (Snake:1)
  13 water moccasins
  Duvessa (D:7)
  A swamp drake (Lair:5)
  14 orc warriors
  2 sky beasts
  4 ice beasts (D:7)
  A black bear (D:4)
  9 wolves
  8 ogres
  10 centaurs
  A phantom (D:4)
  3 kobold brigands
  15 bullfrogs
  4 scorpions
  Blork the orc (D:6)
  3 wights (D:6)
  Dowan (D:7)
  11 killer bees
  10 electric eels
  A howler monkey (D:6)
  A vampire bat (D:11)
  A quasit (Abyss:4)
  6 hounds
  19 orc priests
  A gnoll bouda (D:7)
  Terence (D:3)
  4 iguanas
  29 orc wizards
  10 hell rats
  14 gnolls
  A river rat (D:10)
  5 adders
  A white imp (D:6)
  4 ufetubi
  3 worms
  A dart slug (D:2)
  71 orcs
  3 endoplasms
  2 giant cockroaches
  17 hobgoblins
  2 jackals (D:5)
  26 kobolds
  6 quokkas
  5 ball pythons
  12 bats
  19 goblins
  11 rats
594 creatures vanquished.

Vanquished Creatures (collateral kills)
  An electric eel (D:11)
  An orc priest (Orc:2)
2 creatures vanquished.

Vanquished Creatures (others)
  An unseen horror (shapeshifter) (D:14)
  An orc (D:8)
  A kobold (D:7)
  14 demonic plants (Gauntlet)
  34 fungi
  47 plants
98 creatures vanquished.

Grand Total: 694 creatures vanquished

Notes
Turn   | Place    | Note
-------+----------+-------------------------------------------
     0 | D:1      | dialectric the Gargoyle Fighter began the quest for the
                  | Orb.
     0 | D:1      | Reached XP level 1. HP: 14/14 MP: 1/1
   267 | D:1      | Reached XP level 2. HP: 19/19 MP: 2/2
   326 | D:1      | Found a faded altar of an unknown god.
   332 | D:1      | Prayed at the altar of an unknown god.
   332 | D:1      | Became a worshipper of Sif Muna the Loreminder
   332 | D:1      | Reached * piety under Sif Muna
   817 | D:2      | Reached XP level 3. HP: 23/24 MP: 3/3
   955 | D:2      | Found a sacrificial altar of Ru.
   967 | D:2      | Noticed Sigmund
  1186 | D:3      | Found a bloodstained altar of Trog.
  1308 | D:3      | Identified the +0 leather armour "Goqac" {rC+ Regen+}
  1450 | D:3      | Identified the +3 chain mail "Oroczut" {Str+3}
  1456 | D:3      | Identified the +4 war axe "Solup" {vamp, rF+ rC+ rN+}
  1479 | D:3      | Noticed Terence
  1490 | D:3      | Killed Terence
  1491 | D:3      | Reached skill level 1 in Maces & Flails
  1491 | D:3      | Reached XP level 4. HP: 6/29 MP: 4/4
  1818 | D:3      | Reached ** piety under Sif Muna
  1968 | D:4      | Reached XP level 5. HP: 32/33 MP: 5/5
  1969 | D:4      | Noticed a phantom
  1979 | D:4      | Killed a phantom
  1980 | D:4      | Reached skill level 1 in Axes
  1989 | D:4      | Reached XP level 6. HP: 39/39 MP: 6/6
  2302 | D:4      | Found a sparkling altar of Nemelex Xobeh.
  2310 | D:4      | Found a glowing golden altar of the Shining One.
  2392 | D:4      | Reached skill level 2 in Axes
  2518 | D:4      | Noticed a black bear
  2526 | D:4      | Killed a black bear
  2527 | D:4      | Reached skill level 3 in Axes
  2527 | D:4      | Reached XP level 7. HP: 44/44 MP: 7/7
  2554 | D:4      | Reached skill level 5 in Armour
  2647 | D:4      | Reached skill level 5 in Fighting
  2647 | D:4      | Reached skill level 1 in Dodging
  2882 | D:5      | Entered Level 5 of the Dungeon
  2885 | D:5      | Reached skill level 4 in Axes
  3173 | D:5      | Reached skill level 5 in Axes
  3173 | D:5      | Reached XP level 8. HP: 28/49 MP: 8/8
  3357 | D:2      | Killed Sigmund
  3647 | D:6      | Reached *** piety under Sif Muna
  3698 | D:6      | Noticed Blork the orc
  3709 | D:6      | Killed Blork the orc
  3800 | D:6      | Reached skill level 6 in Axes
  3808 | D:6      | Noticed Menkaure
  3819 | D:6      | Killed Menkaure
  3820 | D:6      | Reached skill level 7 in Axes
  3996 | D:6      | Reached XP level 9. HP: 55/55 MP: 9/9
  4248 | D:6      | Reached **** piety under Sif Muna
  4368 | D:6      | Found a hazy altar of Hepliaklqana.
  4375 | D:6      | Noticed Grinder
  4389 | D:6      | Killed Grinder
  4552 | D:7      | Reached skill level 8 in Axes
  4618 | D:7      | Noticed Dowan
  4619 | D:7      | Noticed Duvessa
  4628 | D:7      | Killed Duvessa
  4638 | D:7      | Killed Dowan
  4725 | D:7      | Found a staircase to the Ecumenical Temple.
  4796 | D:7      | Reached skill level 9 in Axes
  5358 | D:8      | Noticed a two-headed ogre
  5404 | D:8      | Reached XP level 10. HP: 52/63 MP: 10/10
  5419 | D:8      | Killed a two-headed ogre
  5836 | D:8      | Found an ornate altar of the Wu Jian Council.
  5838 | D:8      | Found a bloodstained altar of Trog.
  5838 | D:8      | Found a shimmering altar of Xom.
  5840 | D:8      | Found a shimmering altar of Xom.
  5840 | D:8      | Found a glowing golden altar of the Shining One.
  5840 | D:8      | Found a sacrificial altar of Ru.
  6150 | D:9      | Reached skill level 10 in Axes
  6161 | D:9      | Reached skill level 1 in Throwing
  6235 | D:9      | Noticed Harold
  6251 | D:9      | Killed Harold
  6270 | D:9      | Reached ***** piety under Sif Muna
  6436 | D:9      | Received a gift from Sif Muna
  6623 | D:10     | Entered Level 10 of the Dungeon
  6623 | D:10     | Noticed a death yak
  6625 | D:10     | Noticed a death yak
  6625 | D:10     | Found a staircase to the Lair.
  6626 | D:10     | Noticed a death yak
  6645 | D:10     | Killed a death yak
  6663 | D:10     | Killed a death yak
  6664 | D:10     | Reached skill level 11 in Axes
  6664 | D:10     | Reached XP level 11. HP: 45/71 MP: 11/11
  6679 | D:10     | Killed a death yak
  7039 | D:10     | Found a flagged portal.
  7055 | Bailey   | Entered a bailey
  7145 | Bailey   | Noticed a vault guard
  7145 | Bailey   | Noticed Prince Ribbit
  7153 | Bailey   | Killed Prince Ribbit
  7163 | Bailey   | Killed a vault guard
  7231 | Bailey   | Noticed a vault guard
  7250 | Bailey   | Killed a vault guard
  7251 | Bailey   | Reached skill level 10 in Fighting
  7751 | D:10     | Found a sacrificial altar of Ru.
  8234 | Lair:1   | Entered Level 1 of the Lair of Beasts
  8343 | Lair:1   | Reached skill level 12 in Axes
  8468 | Lair:1   | Identified 2 scrolls of acquirement
  8468 | Lair:1   | Acquired the +1 cloak of Starlight {*Dazzle EV+4 Stlth--}
  8468 | Lair:1   | Found the +1 cloak of Starlight {*Dazzle EV+4 Stlth--}
  8810 | Lair:1   | Reached XP level 12. HP: 63/80 MP: 8/12
  8873 | Lair:1   | Noticed a boulder beetle
  8900 | Lair:1   | Killed a boulder beetle
  8915 | Lair:1   | Found a runed translucent door.
  9101 | Lair:1   | Noticed a vampire mage
  9238 | Lair:1   | Reached skill level 10 in Armour
  9297 | Lair:2   | Identified the +10 flail "Beetleslayer" {drain, Will-
                  | Str+9}
  9331 | Lair:2   | Found a staircase to the Snake Pit.
  9372 | Lair:2   | Found a staircase to the Swamp.
 10004 | Lair:3   | Reached skill level 13 in Axes
 10014 | Lair:3   | Received a gift from Sif Muna
 10359 | Lair:3   | Noticed a skyshark
 10389 | Lair:3   | Killed a skyshark
 10427 | Lair:3   | Noticed a boulder beetle
 10442 | Lair:3   | Noticed a catoblepas
 10452 | Lair:3   | Noticed a skyshark
 10460 | Lair:3   | Killed a boulder beetle
 10473 | Lair:3   | Killed a catoblepas
 10475 | Lair:3   | Killed a skyshark
 10716 | Lair:3   | Reached skill level 14 in Axes
 11050 | Lair:4   | Reached XP level 13. HP: 86/86 MP: 13/13
 11754 | Lair:5   | Entered Level 5 of the Lair of Beasts
 11851 | Lair:5   | Reached skill level 15 in Axes
 12044 | Lair:5   | Noticed a fire dragon
 12058 | Lair:5   | Killed a fire dragon
 12518 | Lair:5   | Reached skill level 16 in Axes
 12686 | Swamp:1  | Entered Level 1 of the Swamp
 12686 | Swamp:1  | Noticed a bunyip
 12687 | Swamp:1  | Noticed an eleionoma
 12832 | D:11     | Noticed Gastronok
 12846 | D:11     | Killed Gastronok
 12846 | D:11     | Received a gift from Sif Muna
 12854 | D:11     | Got Hegurgh's Quarto of Evolving Violence {god gift}
 13096 | D:11     | Noticed Josephine
 13107 | D:11     | Killed Josephine
 13206 | D:11     | Found a staircase to the Orcish Mines.
 13533 | D:11     | You fall into a shaft and drop 1 floor!
 13591 | D:12     | Reached skill level 1 in Evocations
 13752 | D:12     | Gained mutation: Your large and strong wings let you fly.
                  | [Gargoyle growth]
 13752 | D:12     | Reached XP level 14. HP: 89/92 MP: 14/14
 14357 | D:13     | Noticed Urug
 14358 | D:13     | Noticed Rupert
 14535 | D:13     | Found a gate to the Vaults.
 14847 | D:13     | Killed Urug
 15024 | D:13     | Acquired the +8 executioner's axe "Kaack" {flame, Stlth+}
 15278 | Orc:1    | Entered Level 1 of the Orcish Mines
 15321 | Orc:1    | Received a gift from Sif Muna
 15692 | Orc:1    | Found Adujoikhluzu's General Store.
 15759 | Orc:2    | Entered Level 2 of the Orcish Mines
 15916 | Orc:1    | Gained mutation: Your spells are a little easier to cast,
                  | but a little less powerful. [a neqoxec]
 15969 | Orc:2    | Noticed Donald
 16108 | D:14     | Found a gate leading to a gauntlet.
 16126 | Gauntlet | Entered a Gauntlet
 16126 | Gauntlet | Found a transporter.
 16126 | Gauntlet | Found a transporter.
 16133 | Gauntlet | Found a transporter.
 16147 | Gauntlet | Found a transporter.
 16178 | Gauntlet | Found a transporter.
 16193 | Gauntlet | Found a transporter.
 16207 | Gauntlet | Found a transporter.
 16220 | Gauntlet | Found a transporter.
 16236 | Gauntlet | Found a transporter.
 16303 | Gauntlet | Found a transporter.
 16304 | Gauntlet | Found a transporter.
 16335 | Gauntlet | Identified the staff of earth "Mezow" {rPois rCorr Str-5
                  | Dex+4}
 16381 | Gauntlet | Found a transporter.
 16389 | Gauntlet | Identified the +2 pair of gloves of Lilacs {rElec rF+
                  | Str-5}
 16426 | Gauntlet | Found a transporter.
 16429 | Gauntlet | Found a transporter.
 16437 | Gauntlet | Found a transporter.
 16484 | Gauntlet | Received a gift from Sif Muna
 16504 | Gauntlet | Identified the ring "Petzauf" {Wiz rC- Will+ Str+4}
 16510 | Gauntlet | Identified the +0 scale mail of the Gloaming {Dex+3}
 16560 | Gauntlet | Identified the +10 hand axe "Sacsovva" {distort, rElec
                  | Int+2 Dex+3}
 16564 | Abyss:3  | Cast into level 3 of the Abyss (minotaur)
 16575 | Abyss:3  | Found a corrupted altar of Lugonu.
 16582 | Abyss:3  | Fell from the grace of Sif Muna
 16582 | Abyss:3  | Became a worshipper of Lugonu the Unformed
 16582 | Abyss:3  | Reached * piety under Lugonu
 16582 | Abyss:3  | Reached ** piety under Lugonu
 16595 | Abyss:3  | Noticed a lorocyproca
 16633 | Abyss:4  | Found a corrupted altar of Lugonu.
 16657 | Gauntlet | Escaped the Abyss
 16803 | D:14     | Reached XP level 15. HP: 101/101 MP: 14/18
 16848 | D:14     | Reached XP level 16. HP: 107/107 MP: 19/19
 16906 | D:14     | Noticed Jorgrun
 17137 | Orc:2    | Found a staircase to the Elven Halls.
 17194 | Orc:2    | Learned a level 2 spell: Blink
 17440 | Orc:2    | Noticed Sonja
 17449 | Orc:2    | Killed Sonja
 17510 | Orc:2    | Found Lexuskao's Assorted Antiques.
 17510 | Orc:2    | Found Sennael's Magic Scroll Shop.
 17523 | Orc:2    | Found Luemeng's Book Shop.
 17523 | Orc:2    | Found Jickih's General Store.
 17530 | Orc:2    | Bought a scroll of blinking for 127 gold pieces
 17645 | Orc:2    | Reached skill level 15 in Fighting
 17682 | Orc:2    | Killed Donald
 17919 | Elf:1    | Entered Level 1 of the Elven Halls
 17974 | Elf:1    | Reached skill level 17 in Axes
 18107 | Elf:1    | Paralysed by an air elemental for 1 turns
 18313 | Snake:1  | Entered Level 1 of the Snake Pit
 18422 | Snake:1  | Noticed Agnes
 18434 | Snake:1  | Shot with an arrow by a naga sharpshooter

Illustrated notes

Levels and vault maps discovered:
D:1:      dpeg_arrival_houses_and_road, layout_basic,
          hellmonk_ecumenical_altar_heavens_door
D:2:      layout_loops_ring, basic_altar, uniq_sigmund
D:3:      minmay_razor_zed, layout_basic, mainiacjoe_overflow_alcove_4,
          uniq_terence
D:4:      minmay_general_purpose_star, layout_loops_ring,
          mainiacjoe_overflow_large_starburst, minmay_misc_feat_roman,
          lexackson_kobold_supper
D:5:      layout_basic
D:6:      corexii_shantytown, layout_rooms, lemuel_crystal_altar, uniq_grinder,
          uniq_menkaure, uniq_blork_the_orc
D:7:      layout_basic, minmay_temple_entry_arrows, uniq_duvessa
D:8:      layout_rooms, doesnt_xom_only_xom, kennysheep_generic_room_9
D:9:      layout_irregular_city, uniq_harold
D:10:     layout_basic, nicolae_ru_awakened_eye, dpeg_lair_monsters,
          enter_bailey_5, interstate_on_off
D:11:     layout_basic, roderic_batcave, uniq_gastronok, uniq_josephine
D:12:     layout_cave_pools
D:13:     layout_basic, david_vaults_3
D:14:     minmay_distorted_concentric_squares, layout_loops_ring,
          gauntlet_entry_generic, nemelex_xobeh_ov_fountains_minmay,
          uniq_jorgrun
Lair:1:   layout_chaotic_city, pdpol_lair_cabin_in_the_woods
Lair:2:   layout_hall_layers, minmay_swamp_entry_eels, dummy_snake_entry,
          serial_bayou_shore_b
Lair:3:   layout_layer_cave, serial_bayou_shore_a, grunt_megastairs_1
Lair:4:   layout_misc_corridors, serial_bayou_shore_b
Lair:5:   wormcave, layout_loops_ring, guppyfry_lair_end_dragon,
          dpeg_slime_entry_enclosed, grunt_megastairs_3, uniq_rupert
Swamp:1:  layout_basic_swamp, nicolae_swamp_well_well_well, swamp_pool5,
          roderic_carrion_pond
Snake:1:  layout_onion, nicolae_triple_integral, minmay_shop_grove,
          grunt_megastairs_4, uniq_agnes, uniq_aizul
Orc:1:    layout_diamond_mine, basic_altar, serial_shops, nicolae_lakefront_shop
Orc:2:    st_orc_mages, layout_caves, uniq_sonja, uniq_donald
Elf:1:    layout_onion_city, minmay_elf_annihilation, lemuel_upstairs_altar

Skill      XL: |  1  2  3  4  5  6  7  8  9 10 11 12 13 14 15 16 |
---------------+-------------------------------------------------+-----
Long Blades    | 2 |  2.0
Armour         | 4 5 6 7 8 9 10 11 12 13 | 13.0
Fighting       | 4 5 6 7 9 11 12 14 15 | 15.2
Maces & Flails | 1 2 3 |  3.3
Axes           | 1 3 5 7 9 11 12 14 16 17 | 17.0
Dodging        | 1 3 4 |  4.1
Throwing       | 1 2 |  2.2
Evocations     | 1 3 |  3.0
Spellcasting   | 2 |  2.6
Invocations    | 2 |  2.3
Shields        | |  3.2

Action                     |  1- 3 |  4- 6 |  7- 9 | 10-12 | 13-15 | 16-18 || total
---------------------------+-------+-------+-------+-------+-------+-------++-------
  Melee: Long sword        |    69 |       |       |       |       |       ||    69
         Morningstar       |    60 |    19 |       |       |       |       ||    79
         Punch             |     1 |     1 |     1 |     9 |     7 |       ||    19
         War axe           |       |    73 |   273 |   605 |   798 |   104 ||  1853
         Executioner's axe |       |       |       |       |    21 |    28 ||    49
         Flail             |       |       |       |       |     4 |     6 ||    10
  Throw: Dart              |       |       |     2 |     7 |     8 |     2 ||    19
 Invoke: Depart the Abyss  |       |       |       |       |     1 |       ||     1
  Evoke: Wand              |       |       |     1 |     1 |    13 |     7 ||    22
         Phial of floods   |       |       |       |       |     3 |       ||     3
         Box of beasts     |       |       |       |       |     2 |       ||     2
    Use: Potion            |     1 |       |     3 |       |     5 |     3 ||    12
         Scroll            |       |       |     3 |     7 |    13 |     5 ||    28
   Stab: Distracted        |       |     1 |       |       |       |       ||     1
         Invisible         |       |       |       |    20 |    41 |    11 ||    72
 Armour: Scale mail        |    90 |       |       |       |       |       ||    90
         Chain mail        |       |   107 |   270 |   447 |   573 |   112 ||  1509
  Dodge: Dodged            |    81 |    50 |   166 |   400 |   569 |   106 ||  1372
